 Dungeon Crawl Stone Soup version 0.31.0-1-g2c135a0 (webtiles) character file.

Game seed: 11728800074845952299

11 retro the Magician (level 2, -4/15 HPs)
             Began as a Deep Elf Hedge Wizard on Apr 13, 2024.
             Slain by Terence
             ... wielding a +0 hand axe
              (6 damage)
             ... on level 2 of the Dungeon.
             The game lasted 00:05:57 (266 turns).

retro the Magician (Deep Elf Hedge Wizard)           Turns: 266, Time: 00:05:57

Health: -4/15      AC:  2    Str:  7    XL:     2   Next: 13%
Magic:  1/9        EV: 13    Int: 18    God:
Gold:   0          SH:  0    Dex: 14    Spells: 2/10 levels left

rFire   . . .        a - +0 dagger
rCold   . . .        (no shield)
rNeg    . . .        b - +0 robe
rPois   .            c - +0 hat
rElec   .            (no cloak)
rCorr   .            (no gloves)
SInv    .            (no boots)
Will    .....        (no amulet)
Stlth   ++           f - ring of flight
HPRegen 0.22/turn    (no ring)
MPRegen 0.11/turn

%: no passive effects
@: flying
A: no striking features
a: no special abilities


You were on level 2 of the Dungeon.
You visited 1 branch of the dungeon, and saw 2 of its levels.

Inventory:

Hand Weapons
 a - a +0 dagger (weapon)
Armour
 b - a +0 robe (worn)
 c - a +0 hat (worn)
Jewellery
 f - a ring of flight (left hand)
Scrolls
 g - a scroll of poison {unknown}
 h - a scroll of fog {unknown}
Potions
 d - a potion of magic
 e - a potion of might {unknown}


   Skills:
 - Level 3.0 Dodging
 - Level 2.4 Stealth
 + Level 4.8 Spellcasting
 - Level 1.1 Conjurations
 - Level 1.1 Summonings
 - Level 1.1 Translocations


You had 2 spell levels left.
You knew the following spells:

 Your Spells              Type           Power      Damage    Failure   Level
a - Magic Dart            Conj           32%        1d4       9%          1
b - Blink                 Tloc           16%        N/A       13%         2
c - Call Imp              Summ           16%        N/A       13%         2
d - Slow                  Hex            16%        N/A       14%         1
e - Cigotuvi's Dreadful   Necr/Alch/Air  8%         N/A       21%         2

Your spell library contained the following spells:

 Spells                   Type           Power      Damage    Failure   Level
 Mephitic Cloud           Conj/Alch/Air  5%         N/A       34%         3


Dungeon Overview and Level Annotations

Branches:
Dungeon (2/15)

Altars:

Annotations:
D:2 Terence


Message History

Aim: Terence, wielding a +0 hand axe and wearing a +0 scale mail (chance to affect: 46%) Terence resists with some effort.
Terence closely misses you.
Casting: Slow (safe; 14% risk of failure)
Confirm with . or Enter, or press ? or * to list all spells.
A tiny devil pulls itself out of the air.
Terence closely misses you.
Your cerulean imp hits Terence but does no damage.
You swap places.
Your cerulean imp hits Terence but does no damage.
Terence closely misses your cerulean imp.
Your magical contamination has completely faded away.
Casting: Call Imp (safe; 13% risk of failure)
Confirm with . or Enter, or press ? or * to list all spells.
A tiny devil pulls itself out of the air.
Your cerulean imp disappears in a puff of smoke!
You swap places.
Your cerulean imp hits Terence but does no damage.
Terence hits your cerulean imp with a +0 hand axe!
Casting: Call Imp (safe; 13% risk of failure)
Confirm with . or Enter, or press ? or * to list all spells.
You don't have enough magic to cast this spell.
Your cerulean imp hits Terence but does no damage.
Terence hits your cerulean imp with a +0 hand axe.
Your cerulean imp dies!
Your cerulean imp disappears in a puff of smoke!
There is an open door here.
You swing at nothing.
There is an open door here.
You hit Terence.
Terence is lightly wounded.
Terence hits you but does no damage.
You barely miss Terence.
Terence is lightly wounded.
Terence hits you with a +0 hand axe.
* * * LOW HITPOINT WARNING * * *
You hit Terence but do no damage.
Terence is lightly wounded.
Terence hits you with a +0 hand axe.
You die...
Terence says, "Rest in peace."

#############
#...........#
#...........#
#...........#
##############...#####...#
#............#...#...#...#
#.##########@@...#.P.#...#
#. P.... ###############
#. #.....# #. #...P...# #[
######### .. ... .# ###


You could see Terence.

Vanquished Creatures
  A dart slug (D:2)
  2 ball pythons (D:1)
  An endoplasm (D:1)
  A goblin (D:1)
  A hobgoblin (D:1)
  A frilled lizard (D:1)
  A kobold (D:1)
8 creatures vanquished.

Notes
Turn   | Place    | Note
-------+----------+-------------------------------------------
     0 | D:1      | retro the Deep Elf Hedge Wizard began the quest for the
                  | Orb.
     0 | D:1      | Reached XP level 1. HP: 10/10 MP: 7/7
   149 | D:1      | Reached XP level 2. HP: 15/15 MP: 5/9
   192 | D:2      | Noticed Terence
   202 | D:2      | Learned a level 2 spell: Blink
   205 | D:2      | Learned a level 2 spell: Call Imp
   207 | D:2      | Learned a level 1 spell: Slow
   210 | D:2      | Learned a level 2 spell: Cigotuvi's Dreadful Rot
   266 | D:2      | Slain by Terence

Illustrated notes

Levels and vault maps discovered:
D:1:      sevenhm_arrival_forest_fort_small_5, layout_rooms, serial_shops,
          nicolae_shop_pleasant_corner_grove
D:2:      layout_rooms, serial_aquarium, aquarium_bridge_straight
          [aquarium_subvault_bridge, aquarium_subvault_wall,
          aquarium_subvault_bridge, aquarium_subvault_wall],
          aquarium_window_double, aquarium_window_1, aquarium_window_1,
          aquarium_window_corridor_1, aquarium_view_2c, aquarium_pool_side,
          uniq_terence

Skill      XL: |  1  2 |
---------------+-------+-----
Dodging        | 3 |  3.0
Stealth        | |  2.4
Spellcasting   | |  4.8
Conjurations   | |  1.1
Summonings     | |  1.1
Translocations | |  1.1

Action                     || total
---------------------------++-------
  Melee: Dagger            ||    12
   Cast: Magic Dart        ||     7
         Slow              ||     5
         Call Imp          ||     2
   Stab: Sleeping          ||     2
 Armour: Robe              ||     7
  Dodge: Dodged            ||    12
